 Dungeon Crawl Stone Soup version 0.17.1-2-g5865329 (webtiles) character file.

193 Jerry the Vandal (level 5, 0/32 HPs)
             Began as a Deep Elf Hunter on Jan 29, 2016.
             Slain by an orc priest
             ... wielding a +0 mace
              (2 damage)
             ... on level 2 of the Dungeon.
             The game lasted 00:06:06 (2772 turns).

Jerry the Vandal (Deep Elf Hunter)                  Turns: 2772, Time: 00:06:06

Health: 0/32       AC:  3    Str:  9    XL:     5   Next: 44%
Magic:  7/7        EV: 13    Int: 16    God:
Gold:   129        SH:  0    Dex: 16    Spells: 0 memorised, 4 levels left

rFire  . . .     SeeInvis .     a - +1 hunting sling
rCold  . . .     Clarity  .     c - +0 leather armour
rNeg   . . .     SustAt   .     (no shield)
rPois  .         Gourm    .     (no helmet)
rElec  .         Spirit   .     (no cloak)
rCorr  .         Warding  .     (no gloves)
rMut   .         Stasis   .     (no boots)
MR     .....                    (no amulet)
Stlth  ++........               (no ring)
                                (no ring)

@: not resistant to hostile enchantments, unstealthy
A: no striking features
a: no special abilities


You were on level 2 of the Dungeon.
You were not hungry.

You visited 1 branch of the dungeon, and saw 3 of its levels.

You collected 129 gold pieces.

Inventory:

Hand Weapons
 a - a +1 hunting sling (weapon)
 b - a +0 short sword
Missiles
 d - 4 sling bullets (quivered)
 g - 84 stones
Armour
 c - a +0 leather armour (worn)
Scrolls
 f - a scroll of teleportation {unknown}
 l - a scroll of recharging {unknown}
 m - a scroll of identify {unknown}
 n - 2 scrolls of random uselessness {unknown}
 p - a scroll of remove curse {unknown}
 q - a scroll of blinking {unknown}
 s - a scroll of fear {unknown}
Potions
 h - a potion of heal wounds {unknown}
 i - 3 potions of curing
 k - a potion of brilliance {unknown}
 o - a potion of invisibility {unknown}
 r - a potion of mutation {unknown}
 u - a potion of magic
 v - a potion of cure mutation {unknown}
Comestibles
 e - 3 bread rations
 j - 2 meat rations


   Skills:
 + Level 2.9 Fighting
 + Level 4.0 Slings
 + Level 3.7 Dodging
 + Level 3.5 Stealth


You had 4 spell levels left.
You didn't know any spells.

Dungeon Overview and Level Annotations

Branches:
Dungeon (3/15)

Altars:
Gozag
Okawaru
Qazlal


Message History

It was a potion of magic.
Magic courses through your body. The orc priest hits you with a mace.
* * * LOW HITPOINT WARNING * * *
Drink which item? (? for menu, Esc to quit)
Okay, then.
Firing (i - inventory. (,) - cycle):
d - 6 sling bullets (quivered)
Press: ? - help, Shift-Dir - straight line, f - orc priest
Aim: an orc priest, wielding a mace You shoot a sling bullet.
The sling bullet barely misses the orc priest.
The orc priest mumbles some strange prayers to Beogh against you.
Pain shoots through your body!
* * * LOW HITPOINT WARNING * * *
Firing (i - inventory. (,) - cycle):
d - 5 sling bullets (quivered)
Press: ? - help, Shift-Dir - straight line, f/p - orc priest
Aim: an orc priest, wielding a mace You shoot a sling bullet.
The sling bullet hits the orc priest!
The orc priest is almost dead.
The orc priest hits you with a mace.
You die...

.##.......# #.#.##..............
.##.......####.#'##............##
.##........................###.##
.######.####.#.............# #.##
.# #.#..................# #.## .#
#.#.##...............# #.<# .#
#.#..................# #..# .#
#.#####..............# #..# ##
#.........@..#'####### #..#
#############..o)..#.# #..#
#.............######.############
#.############# #.............
#.# ############## #.# #.# #.#
..#


You could see an orc priest.

Vanquished Creatures
  A scorpion (D:3)
  An orc wizard (D:3)
  4 adders
  3 oozes (D:2)
  2 worms (D:2)
  3 orcs (D:3)
  6 bats
  3 giant cockroaches
  7 hobgoblins
  3 jackals (D:2)
  7 kobolds
  2 ball pythons
  A giant gecko (D:1)
  4 giant newts
  8 goblins
  A quokka (D:2)
  5 rats
61 creatures vanquished.

Notes
Turn   | Place    | Note
--------------------------------------------------------------
     0 | D:1      | Jerry the Deep Elf Hunter began the quest for the Orb.
     0 | D:1      | Reached XP level 1. HP: 12/12 MP: 3/3
   277 | D:1      | Reached XP level 2. HP: 17/17 MP: 4/4
  1165 | D:2      | Reached XP level 3. HP: 21/21 MP: 5/5
  1758 | D:2      | Reached XP level 4. HP: 27/27 MP: 6/6
  2181 | D:2      | Found an iron altar of Okawaru.
  2251 | D:2      | Found an opulent altar of Gozag.
  2487 | D:3      | Reached XP level 5. HP: 31/31 MP: 7/7
  2681 | D:3      | Found a stormy altar of Qazlal.
  2758 | D:3      | Reached skill level 4 in Slings
  2772 | D:2      | Slain by an orc priest

Action                   |  1- 3 |  4- 6 || total
-------------------------+-------+-------++-------
 Fire: Hunting sling     |   112 |    87 ||   199
  Use: Potion            |       |     2 ||     2
  Eat: Chunk             |     1 |     4 ||     5
